Map: Ulrena

Players

headd

  • Race: Zerg Zerg
  • League: Platinum

Miszu - Winner!

  • Race: Terran Terran
  • League: Master

VOD

Have the link to the VOD?

Description

Time

  • Played on: March 11, 2016, 1:08 p.m.
  • Length: 9:15
Show
View Real Time Build Order
Export as new Build Order

headd Zerg 

Build Orders: Hatch First 

Get SALT Encoding   

  12  0:01  Drone  
  13  0:13  Overlord  
  13  0:18  Drone  
  14  0:32  Drone  
  14  0:33  Drone  
  16  0:39  Drone  
  17  0:59  Drone, Hatchery  
  17  1:00  Drone  
  18  1:04  Extractor  
  17  1:16  Spawning Pool  
  16  1:19  Drone  
  17  1:29  Drone  
  17  1:30  Drone  
  19  1:44  Overlord  
  19  1:52  Drone  
  20  2:04  Queen  
  20  2:06  Zergling x2  
  23  2:10  Metabolic Boost  
  23  2:11  Queen  
  23  2:13  Zergling x4  
  27  2:23  Zergling x4  
  29  2:33  Drone  
  30  2:48  Roach Warren, Drone x2  
  31  3:00  Drone x2  
  31  3:02  Zergling x2  
  34  3:20  Spore Crawler  
  34  3:21  Drone  
  34  3:22  Drone x2, Spore Crawler  
  34  3:23  Overlord  
  34  3:25  Overlord  
  35  3:50  Roach x4  
  35  3:51  Drone x4  
  35  3:54  Drone  
  47  4:18  Drone x4  
  47  4:21  Overlord  
  47  4:22  Hatchery  
  51  4:24  Ravager x2  
  51  4:29  Ravager, Spore Crawler  
  52  4:34  Extractor  
  52  4:36  Ravager  
  54  4:48  Extractor  
  54  4:52  Drone  
  54  4:53  Extractor, Drone  
  54  4:54  Drone x2  
  56  5:01  Overlord  
  54  5:26  Drone  
  54  5:28  Drone x3  
  58  5:36  Queen  
  58  5:37  Zergling x4  
  58  5:38  Zergling x10  
  67  5:42  Extractor  
  65  6:29  Lair  
  65  6:32  Drone  
  66  6:33  Drone  
  66  6:35  Roach x3  
  66  6:36  Overlord x2  
  66  6:37  Overlord  
  73  6:46  Overlord x4  
  71  6:54  Roach  
  71  6:55  Roach x3  
  78  7:06  Queen  
  80  7:13  Drone x3  
  80  7:14  Drone x2  
  80  7:15  Zergling x2, Roach x2  
  90  7:16  Roach x4  
  98  7:28  Overlord  
  98  7:39  Infestation Pit  
  98  7:40  Roach x4  
  105  7:49  Zergling x6  
  105  7:50  Zergling x4, Roach x4  
  118  8:09  Roach x3  
  124  8:17  Infestor  
  124  8:18  Infestor  
  128  8:20  Overlord x3  
  128  8:29  Drone  
  128  8:32  Extractor  
  128  8:39  Roach  
  128  8:40  Roach x3  
  135  8:41  Roach x2  
  134  8:55  Roach  
  134  8:56  Roach x3  
Show
View Real Time Build Order
Export as new Build Order

Miszu Terran - Winner!

Build Orders: Reaper Expand, Bio Tank 

Get SALT Encoding   

  12  0:00  SCV  
  13  0:12  SCV  
  14  0:17  Supply Depot  
  14  0:25  SCV  
  15  0:39  SCV  
  15  0:42  Barracks  
  16  0:45  Refinery  
  16  0:51  SCV  
  17  1:03  SCV  
  18  1:15  SCV  
  19  1:29  Orbital Command  
  19  1:30  Reaper  
  20  1:41  Command Center  
  20  1:49  Supply Depot  
  20  1:54  SCV  
  21  2:04  Refinery  
  21  2:05  Barracks Reactor  
  21  2:09  SCV  
  22  2:21  SCV  
  23  2:24  Factory  
  23  2:33  SCV  
  24  2:45  Marine x2, SCV  
  27  2:54  Orbital Command  
  27  2:57  SCV  
  28  3:03  Marine x2  
  30  3:07  Starport  
  30  3:08  Factory Tech Lab  
  30  3:09  SCV  
  31  3:20  SCV  
  31  3:21  Marine x2, SCV  
  35  3:27  Siege Tank  
  35  3:32  SCV  
  35  3:33  SCV  
  40  3:35  Supply Depot  
  40  3:40  Marine x2  
  42  3:44  SCV  
  42  3:45  SCV  
  42  3:46  Medivac  
  45  3:51  Bunker  
  45  3:56  SCV  
  45  3:57  Marine, SCV  
  45  3:58  Marine  
  45  3:59  Siege Tank  
  52  4:08  SCV  
  53  4:10  SCV  
  53  4:15  Supply Depot  
  53  4:20  SCV  
  53  4:23  Supply Depot  
  54  4:37  Starport Reactor, Marine x2, SCV x2  
  54  4:38  Siege Tank  
  61  4:39  Barracks  
  61  4:40  Barracks  
  61  4:49  SCV x2  
  63  4:53  Command Center  
  63  5:00  Marine  
  63  5:01  SCV  
  65  5:09  Marine  
  65  5:10  SCV  
  65  5:12  Refinery  
  65  5:13  SCV  
  68  5:15  Refinery  
  68  5:16  Engineering Bay x2  
  68  5:18  Marine  
  69  5:22  SCV  
  69  5:27  Barracks Tech Lab  
  70  5:28  Barracks Tech Lab  
  70  5:41  Marine x2, Siege Tank, SCV  
  70  5:42  Supply Depot x2  
  76  5:43  Terran Infantry Weapons Level 1  
  76  5:51  Stimpack, Combat Shields  
  76  5:52  Marine x2  
  78  6:03  Marine x2  
  78  6:04  SCV x2  
  82  6:05  Supply Depot  
  82  6:07  Orbital Command  
  84  6:14  Terran Infantry Armor Level 1  
  84  6:16  SCV x2  
  85  6:21  Medivac  
  86  6:27  Barracks  
  86  6:28  Barracks  
  86  6:29  SCV x2  
  87  6:38  Marine x2, Orbital Command  
  87  6:39  Supply Depot  
  89  6:41  SCV  
  89  6:42  Supply Depot, Siege Tank  
  89  6:44  Supply Depot  
  89  6:45  Marine  
  89  6:46  Marine  
  95  6:50  SCV  
  95  6:53  SCV  
  97  6:56  Marine x2  
  97  7:00  Medivac x2  
  103  7:03  Marine  
  103  7:08  Marine, Armory  
  105  7:09  SCV x3  
  105  7:13  Marine  
  105  7:14  Marine  
  110  7:17  Barracks Reactor x2  
  110  7:21  Marine, SCV x3  
  114  7:25  Marine, Siege Tank  
  118  7:30  Supply Depot  
  118  7:31  Marine  
  118  7:32  Marine, Medivac  
  118  7:33  Medivac, SCV  
  125  7:39  Marine  
  125  7:43  Marine  
  127  7:49  Marine  
  127  7:50  Marine  
  129  7:52  SCV x3  
  129  7:54  Supply Depot, Marine x3  
  129  7:55  Marine  
  129  7:56  Supply Depot, Marine  
  137  8:01  Marine  
  137  8:02  Siege Tank  
  137  8:04  SCV  
  142  8:07  Marine  
  142  8:08  Marine, Medivac  
  142  8:12  Reaper  
  147  8:14  Marine x2  
  147  8:15  Marine x2  
  147  8:19  Marine  
  152  8:25  Marine x2  
  154  8:30  Refinery  
  154  8:31  Refinery, Marine  
  154  8:32  Marine  
  154  8:33  Supply Depot, Marine x2  
  154  8:34  Supply Depot, Siege Tank  
  161  8:37  Marine  
  162  8:55  Marine  
Tags
 
Add a new tag
Caveats
  • Supply blocks, unpowered buildings, or Contaminate may cause inaccurate times.
  • Supply counts are checked every 10 seconds.